 Dungeon Crawl Stone Soup version 0.28-a0-1429-gf3d713df7a (webtiles) character file.

Game seed: 12831509013601279624

86 Cheeritup the Caller (level 4, -4/24 HPs)
             Began as a Tengu Summoner on Jan 8, 2022.
             Killed from afar by an orc wizard (11 damage)
             ... with a magic dart
             ... on level 3 of the Dungeon.
             The game lasted 00:07:15 (2764 turns).

Cheeritup the Caller (Tengu Summoner)               Turns: 2764, Time: 00:07:16

Health: -4/24      AC:  3    Str: 11    XL:     4   Next: 49%
Magic:  8/8        EV: 12    Int: 15    God:
Gold:   89         SH:  0    Dex: 14    Spells: 4/7 levels left

rFire   . . .      SeeInvis .   k - +0 quarterstaff
rCold   . . .      Faith    .   (shield currently unavailable)
rNeg    . . .      Spirit   .   c - +0 leather armour
rPois   .          Reflect  .   (helmet restricted)
rElec   .          Harm     .   (no cloak)
rCorr   .          Rampage  .   (no gloves)
Will    .....                   (boots unavailable)
Stlth   ++........              (no amulet)
HPRegen 0.08/turn               (no ring)
MPRegen 0.11/turn               (no ring)

@: no status effects
A: beak, talons 3
a: no special abilities


You were on level 3 of the Dungeon.
You visited 1 branch of the dungeon, and saw 3 of its levels.

You collected 113 gold pieces.
You spent 24 gold pieces at shops.

Inventory:

Hand Weapons
 e - a +0 short sword
 g - a +0 hunting sling
 k - a +0 quarterstaff (weapon)
Missiles
 j - 3 boomerangs
Armour
 c - a +0 leather armour (worn)
Scrolls
 b - 2 scrolls of amnesia {unknown}
 d - a scroll of identify {unknown}
 h - a scroll of fog {unknown}
Potions
 a - 2 potions of brilliance {unknown}
 f - a potion of invisibility {unknown}
 i - a potion of attraction {unknown}
 l - a potion of cancellation {unknown}


   Skills:
 - Level 2.1 Dodging
 - Level 2.0 Stealth
 - Level 2.0 Spellcasting
 + Level 7.0 Summonings


You had 4 spell levels left.
You knew the following spells:

 Your Spells              Type           Power      Damage    Failure   Level
a - Summon Small Mammal   Summ           88%        N/A       1%          1
b - Call Imp              Summ           22%        N/A       2%          2

Your spell library contained the following spells:

 Spells                   Type           Power      Damage    Failure   Level
 Call Canine Familiar     Summ           22%        N/A       4%          3
 Summon Guardian Golem    Hex/Summ       12%        N/A       21%         3
 Apportation              Tloc           2%         N/A       28%         1
 Summon Lightning Spire   Summ/Air       12%        N/A       56%         4
 Alistair's Intoxication  Tmut/Pois      0%         N/A       100%        5


Dungeon Overview and Level Annotations

Branches:
Dungeon (3/15)

Altars:
Xom

Shops:
D:1 ?***?   D:2 =


Innate Abilities, Weirdness & Mutations

You have a beak for a mouth.
You have claws for feet.


Message History

You are too confused!
You bump into the rock wall.
You hear some strange, mumbled words.
You are more confused.
You bump into the rock wall.
Your crimson imp blinks!
Something barely misses you.
An orc wizard appears from thin air!
Reactivating autopickup.
You bump into the rock wall.
The orc wizard hits you with a +0 dagger.
* * * LOW HITPOINT WARNING * * *
The orc hits you with a +0 club.
* * * LOW HITPOINT WARNING * * *
You bump into the rock wall.
The orc wizard hits you with a +0 dagger.
* * * LOW HITPOINT WARNING * * *
The orc misses you.
You bump into the rock wall.
You feel less confused.
The orc wizard points at you and mumbles some strange words.
The magic dart hits you.
* * * LOW HITPOINT WARNING * * *
The orc barely misses you.
The orc wizard gestures at you while chanting.
You resist with some effort. The orc wizard casts a spell at you.
The puff of flame misses you.
The orc wizard gestures at you while chanting.
You resist with some effort.
A bat comes into view.
You see here a +0 dagger.
Things that are here:
a +0 dagger; a +0 robe; an orc corpse Your crimson imp hits the orc wizard but does no damage.
Something closely misses your crimson imp.
Your crimson imp blinks!
The orc wizard casts a spell at you. The magic dart hits you!
You die...

#...........#
#...........#
#...........###
#............<#
........#######.
##......'.......
#......########
...............#
..############@# #
#.o....#.#
#.####o#.#
#########.# #.#.#
...))o....# #.#.#
..5###########.#.#
_..# #....o.#o#
...# #.######.#
≈≈.## #.# #.#


You could see an orc wizard.

Vanquished Creatures
  An orc wizard (D:3)
  A dart slug (D:1)
  An orc (D:3)
  3 endoplasms
  2 giant cockroaches
  5 goblins
  A hobgoblin (D:1)
  2 jackals (D:1)
  4 ball pythons
  7 bats
  3 frilled lizards (D:1)
  3 kobolds
  3 rats
36 creatures vanquished.

Vanquished Creatures (collateral kills)
  Terence (D:2)
  A dart slug (D:1)
  An endoplasm (D:1)
  A hobgoblin (D:2)
  A frilled lizard (D:1)
  A rat (D:1)
6 creatures vanquished.

Grand Total: 42 creatures vanquished

Notes
Turn   | Place    | Note
-------+----------+-------------------------------------------
     0 | D:1      | Cheeritup the Tengu Summoner began the quest for the Orb.
     0 | D:1      | Reached XP level 1. HP: 10/10 MP: 4/4
    49 | D:1      | Reached skill level 5 in Summonings
   183 | D:1      | Found Moepsaf's General Store.
   301 | D:1      | Bought a +0 leather armour for 24 gold pieces
   355 | D:1      | Reached XP level 2. HP: 2/15 MP: 3/6
   609 | D:1      | Learned a level 2 spell: Call Imp
   998 | D:1      | Found Quhackogh's Magic Scroll Boutique.
  1089 | D:1      | Found Poibus's Assorted Antiques.
  1292 | D:1      | Found Modoxus's Assorted Antiques.
  1473 | D:1      | Reached XP level 3. HP: 19/19 MP: 7/7
  1487 | D:1      | Found Fuffugg's Magic Scroll Shop.
  1498 | D:1      | Reached skill level 6 in Summonings
  2008 | D:2      | Found Nuzxol Dije's Jewellery Emporium.
  2093 | D:2      | Found a faded altar of an unknown god.
  2116 | D:2      | Noticed Terence
  2135 | D:2      | Killed Terence
  2136 | D:2      | Reached XP level 4. HP: 13/24 MP: 5/8
  2669 | D:3      | Found a shimmering altar of Xom.
  2689 | D:3      | Reached skill level 7 in Summonings
  2764 | D:3      | Killed from afar by an orc wizard

Illustrated notes

Levels and vault maps discovered:
D:1:      dpeg_arrival_arbitrary_b, layout_basic, serial_shops, shop_statue,
          shop, shop_fountains, shop, nicolae_shop_overgrown_old_shop,
          hangedman_decor_push
D:2:      layout_basic, serial_shops, nicolae_shop_stone,
          hellmonk_ecumenical_altar_zigzags, uniq_terence
D:3:      minmay_goblin_kobold_castle, layout_basic, hangedman_ru_absence,
          mainiacjoe_overflow_chevrons, guppyfry_early_lair_pool

Skill      XL: |  1  2  3  4 |
---------------+-------------+-----
Summonings     | 5 6 7 |  7.0
Dodging        | |  2.1
Stealth        | |  2.0
Spellcasting   | |  2.0

Action                   |  1- 3 |  4- 6 || total
-------------------------+-------+-------++-------
Melee: Unarmed           |    30 |       ||    30
       Peck              |    19 |     1 ||    20
       Kick              |    13 |     3 ||    16
       Short sword       |    50 |       ||    50
       Dagger            |     3 |       ||     3
       Quarterstaff      |     2 |    12 ||    14
       Punch             |     1 |       ||     1
 Cast: Summon Small Mamm |    10 |     3 ||    13
       Call Imp          |     3 |     1 ||     4
 Stab: Sleeping          |     5 |     1 ||     6
Armor: Robe              |     4 |       ||     4
       Leather armour    |    22 |     5 ||    27
Dodge: Dodged            |    63 |    12 ||    75

Table legend: (Time is in decaauts)
 A = Elapsed time spent in this place.
 B = Non-inter-level travel time spent in this place.
 C = Inter-level travel time spent in this place.
 D = Time resting spent in this place.
 E = Time spent auto-exploring this place.
 F = Levels seen in this place.
 G = Mean time per level.
                   A        B        C        D        E       F      G
               +--------+--------+--------+--------+--------+-----+--------+
         Total |   2771 |   2728 |     43 |    553 |   1697 |   3 |  923.7 |
       Dungeon |   2771 |   2728 |     43 |    553 |   1697 |   3 |  923.7 |
               +--------+--------+--------+--------+--------+-----+--------+

Top non-repeatable levels by time:
     D:1: 1706 daAuts
     D:2: 907 daAuts
     D:3: 157 daAuts
